 Dungeon Crawl Stone Soup version 0.22.1-1-ga44c0e56f4 (webtiles) character file.

78 KleinerIrrer the Chopper (level 4, -2/35 HPs)
             Began as a Demonspawn Fighter on Oct 31, 2018.
             Slain by Sigmund
             ... wielding a +0 scythe
              (5 damage)
             ... on level 2 of the Dungeon.
             The game lasted 00:03:56 (1478 turns).

KleinerIrrer the Chopper (Demonspawn Fighter)       Turns: 1478, Time: 00:03:57

Health: -2/35      AC:  7    Str: 17    XL:     4   Next: 15%
Magic:  4/4        EV:  7    Int: 10    God:
Gold:   52         SH:  0    Dex: 12    Spells: 3/3 levels left

rFire    . . .     SeeInvis .   a - +0 war axe
rCold    . . .     Gourm    .   c - +0 shield
rNeg     . . .     Faith    .   b - +0 scale mail
rPois    .         Spirit   .   m - +0 helmet
rElec    .         Reflect  .   (no cloak)
rCorr    .         Harm     .   (no gloves)
MR       .....     Rnd*Tele +   (no boots)
Stlth    ..........             (no amulet)
HPRegen  0.11/turn              i - ring of teleportation (curse)
MPRegen  0.09/turn              (no ring)

@: confused
A: large bone plates 1, rot immunity
a: no special abilities


You were on level 2 of the Dungeon.
You were very hungry.

You visited 1 branch of the dungeon, and saw 2 of its levels.

You collected 52 gold pieces.

Inventory:

Hand Weapons
 a - a +0 war axe (weapon)
Armour
 b - a +0 scale mail (worn)
 c - a +0 shield (worn)
 m - a +0 helmet (worn)
Jewellery
 i - a cursed ring of teleportation (left hand)
Scrolls
 e - a scroll of immolation
 g - a scroll of blinking
Potions
 d - a potion of might
 h - a potion of mutation
 j - a potion of agility
 l - a potion of heal wounds {unknown}
Comestibles
 f - 5 rations
 k - 3 chunks of flesh


   Skills:
 - Level 3.0 Fighting
 + Level 3.5 Axes
 - Level 2.6 Armour
 + Level 1.5 Dodging
 - Level 2.6 Shields


You had 3 spell levels left.
You didn't know any spells.
Your spell library was empty.

Dungeon Overview and Level Annotations

Branches:
Dungeon (2/15)

Altars:

Annotations:
D:2 Natasha, Sigmund


Innate Abilities, Weirdness & Mutations

You are partially covered in large bone plates. (SH +4)
You are immune to rotting.


Message History

Your scale mail prevents you from hitting something.
Something hits you!
Your shield prevents you from hitting something.
Something hits you!
You hit something but do no damage. Something hits you but does no damage.
You slash something! Something hits you.
You closely miss something. Something hits you but does no damage.
Your shield and scale mail prevent you from hitting something.
You hear some strange, mumbled words.
You are confused.
Something hits you but does no damage.
You closely miss something. Something hits you!
* * * LOW HITPOINT WARNING * * *
Natasha, Servant of Life and Death comes into view.
You miss something.
Natasha hisses angrily.
Natasha hisses.
Natasha casts a spell.
Something hits you.
You die...

...# ...# #### # # # #### # .....
##### #
.....################...###
...$.....h......@..........)....)
.....r..........{................
####... ...##...######...##...##.
.. #.......##...##...##.
#.......#######...##. #.......#
#...##' #.......# #####..
#.......# #####.. #.......#
#......


You could see Natasha.

Vanquished Creatures
  Natasha (D:2)
  Robin (D:2)
  2 dart slugs (D:1)
  A giant cockroach (D:1)
  13 goblins
  6 hobgoblins
  3 kobolds
  3 bats (D:1)
  3 frilled lizards (D:1)
  5 rats
38 creatures vanquished.

Notes
Turn   | Place    | Note
-------+----------+-------------------------------------------
     0 | D:1      | KleinerIrrer the Demonspawn Fighter began the quest for the
                  | Orb.
     0 | D:1      | Reached XP level 1. HP: 18/18 MP: 1/1
   191 | D:1      | Gained mutation: You are partially covered in large bone
                  | plates. (SH +4) [demonic ancestry]
   191 | D:1      | Reached XP level 2. HP: 20/24 MP: 2/2
   574 | D:1      | Reached skill level 1 in Dodging
   828 | D:2      | Noticed Robin
   851 | D:2      | Killed Robin
   851 | D:2      | Reached XP level 3. HP: 23/29 MP: 3/3
  1091 | D:2      | Noticed Natasha
  1092 | D:2      | Noticed Sigmund
  1375 | D:2      | Killed Natasha
  1375 | D:2      | Gained mutation: You are immune to rotting. [demonic
                  | ancestry]
  1375 | D:2      | Reached XP level 4. HP: 25/35 MP: 4/4
  1477 | D:2      | Noticed Natasha
  1478 | D:2      | Slain by Sigmund

Skill      XL: |  1  2 |
---------------+-------+-----
Axes           | 2 3 |  3.5
Dodging        | 1 |  1.5
Fighting       | |  3.0
Armour         | |  2.6
Shields        | |  2.6

Action                   |  1- 3 |  4- 6 || total
-------------------------+-------+-------++-------
Melee: War axe           |   152 |    14 ||   166
  Use: Scroll            |     4 |       ||     4
  Eat: Chunk             |     1 |       ||     1
Armor: Scale mail        |    56 |     4 ||    60
Dodge: Dodged            |    35 |       ||    35
Block: Shield            |    97 |     5 ||   102
